 Dungeon Crawl Stone Soup version 0.30-a0-743-gbfdf073 (webtiles) character file.

Game seed: 2875425443097035222

252734 Illumine the Slayer (level 18, -10/274 HPs)
             Began as a Minotaur Fighter on Feb 9, 2023.
             Was an Initiate of Gozag.
             Mangled by a vault warden
             ... wielding a +0 battleaxe of flaming
              (17 damage)
             ... on level 1 of the Vaults on Feb 10, 2023.
             The game lasted 01:00:40 (39964 turns).

Illumine the Slayer (Minotaur Fighter)             Turns: 39964, Time: 01:00:41

Health: -10/274    AC: 33    Str: 28      XL:     18   Next: 97%
Magic:  17/17      EV:  2    Int:  5 (6)  God:    Gozag
Gold:   2678       SH:  5    Dex:  7 (9)  Spells: 17/17 levels left

rFire   + . .      SeeInvis +    a - +1 broad axe (flame)
rCold   + . .      Faith    .    (no shield)
rNeg    + . .      Spirit   .    (body armour currently unavailable)
rPois   +          Reflect  +    (helmet currently unavailable)
rElec   +          Harm     .    (cloak currently unavailable)
rCorr   +          Rampage  .    (gloves currently unavailable)
Will    +....      NoTele   +    (boots currently unavailable)
Stlth   +                        y - amulet of reflection
HPRegen 0.65/turn                c - ring "Reewnot" {+Blink rN+ AC+4 Int+3}
MPRegen 0.15/turn                v - ring of see invisible

@: mighty, brilliant, lethally poisoned (-10 -> -94), tree-form, resistant,
hasted, studying Translocations, very quick
A: stationary, stasis, torment immunity, boosted hp, (horns 2), (retaliatory
headbutt), clumsy 1, deterioration 1, dopey 1
}: 2/15 runes: decaying, gossamer
a: End Transformation, Renounce Religion, Evoke Blink, Potion Petition, Call
Merchant, Bribe Branch


You were on level 1 of the Vaults.
You worshipped Gozag.
Gozag was most pleased with you.
You were a tree.
You visited 7 branches of the dungeon, and saw 32 of its levels.
You visited the Abyss 2 times.
You also visited: Gauntlet.

You collected 13205 gold pieces.
You spent 1837 gold pieces at shops.
You paid 8690 gold pieces to Gozag.

Inventory:

Hand Weapons
 a - a +1 broad axe of flaming (weapon)
 b - the +7 halberd of Sothrir {elec, rC+}
   (You bought it in a shop on level 1 of the Lair of Beasts)

   rC:        It protects you from cold.
 W - a +0 arbalest
Missiles
 P - 6 silver javelins (quivered)
Armour
 r - the +7 scale mail "Veskicua" (melded) {Rampage +Blink rCorr Str+3 Dex-4}
   (You found it on level 3 of the Dungeon)

   Str:       It affects your strength (+3).
   Dex:       It affects your dexterity (-4).
   +Blink:    It lets you blink.
   rCorr:     It protects you from acid and corrosion.
   Rampage:   It bestows one free step when moving towards enemies.
 C - a +2 cloak of preservation (melded)
 D - a +2 cloak of willpower
 E - a +2 pair of gloves (melded)
 G - the +2 hat of the Devil's Team (melded) {+Blink rElec rPois}
   (You found it in a Gauntlet)

   rElec:     It insulates you from electricity.
   rPois:     It protects you from poison.
   +Blink:    It lets you blink.
 Y - a +1 pair of boots of rampaging (melded)
Jewellery
 c - the ring "Reewnot" (left branch) {+Blink rN+ AC+4 Int+3}
   (You found it on level 2 of the Spider Nest)

   [ring of protection]

   AC:        It affects your AC (+4).
   Int:       It affects your intelligence (+3).
   rN:        It protects you from negative energy.
   +Blink:    It lets you blink.
 f - a ring of poison resistance
 v - a ring of see invisible (right branch)
 w - a +6 ring of dexterity
 x - a ring of resist corrosion
 y - an amulet of reflection (around neck)
 K - a +4 ring of slaying
 X - the amulet "Qoloixal" {Acrobat Slay+6 Stlth+}
   (You bought it in a shop on level 2 of the Orcish Mines)

   [amulet of the acrobat]

   It increases your evasion while moving and waiting.
   Slay:      It affects your accuracy & damage with ranged weapons and melee
   (+6).
   Stlth:     It makes you more stealthy.
Wands
 t - a wand of mindburst (9)
 I - a wand of flame (49)
 J - a wand of acid (9)
 N - a wand of charming (25)
 Q - a wand of iceblast (4)
 S - a wand of digging (5)
 V - a wand of polymorph (3)
Scrolls
 e - 5 scrolls of immolation
 g - 2 scrolls of torment
 h - 6 scrolls of fog
 i - 4 scrolls of fear
 k - 6 scrolls of identify
 m - 2 scrolls of magic mapping
 o - a scroll of enchant armour
 u - 4 scrolls of blinking
 B - 5 scrolls of poison
 H - 2 scrolls of silence
 L - a scroll of brand weapon
 T - 5 scrolls of teleportation
Potions
 d - 2 potions of might
 j - 7 potions of haste
 l - 7 potions of attraction
 n - 13 potions of curing
 p - 2 potions of heal wounds
 q - 2 potions of cancellation
 s - 12 potions of flight
 z - 5 potions of ambrosia
 A - 3 potions of resistance
 F - a potion of invisibility
 O - 4 potions of lignification
 R - 3 potions of magic
Miscellaneous
 M - a box of beasts
 U - a lightning rod (4/4)


   Skills:
 + Level 21.6 Fighting
 - Level 18.0(19.8) Axes
 - Level 1.0(11.8) Maces & Flails
 - Level 14.2(18.0) Polearms
 + Level 1.0 Ranged Weapons
 - Level 1.4 Throwing
 + Level 21.4 Armour
 - Level 10.0 Dodging
 - Level 4.0 Shields
 + Level 11.6 Evocations


You had 17 spell levels left.
You didn't know any spells.
Your spell library contained the following spells:

 Spells                   Type           Power      Damage    Failure   Level
 Apportation              Tloc           0%         N/A       47%         1
 Magic Dart               Conj           0%         1d3       47%         1
 Necrotise                Necr           0%         1d4       47%         1
 Summon Small Mammal      Summ           0%         N/A       47%         1
 Blink                    Tloc           0%         N/A       63%         2
 Call Imp                 Summ           0%         N/A       63%         2
 Ensorcelled Hibernation  Hex/Ice        0%         N/A       63%         2
 Lesser Beckoning         Tloc           0%         N/A       63%         2
 Momentum Strike          Conj/Tloc      0%         3d8       63%         2
 Scorch                   Fire           0%         2d5       63%         2
 Static Discharge         Conj/Air       0%         2-2/arc   63%         2
 Sublimation of Blood     Necr           0%         N/A       63%         2
 Wereblood                Tmut           0%         N/A       63%         2
 Gell's Gravitas          Tloc           0%         N/A       85%         3
 Ignite Poison            Fire/Tmut/Pois 0%         N/A       85%         3
 Inner Flame              Hex/Fire       0%         N/A       85%         3
 Kindle Blastsparks       Fire/Tloc/Air  0%         2d10      85%         3
 Mephitic Cloud           Conj/Pois/Air  0%         N/A       85%         3
 Ozocubu's Armour         Ice            0%         N/A       85%         3
 Portal Projectile        Hex/Tloc       0%         N/A       85%         3
 Spider Form              Tmut/Pois      0%         N/A       85%         3
 Stone Arrow              Conj/Erth      0%         3d7       85%         3
 Teleport Other           Tloc           0%         N/A       85%         3
 Tukima's Dance           Hex            0%         N/A       85%         3
 Vhi's Electric Charge    Tloc/Air       0%         N/A       85%         3
 Anguish                  Hex/Necr       0%         N/A       99%         4
 Animate Armour           Summ/Erth      0%         N/A       99%         4
 Flame Wave               Conj/Fire      0%         2d4       99%         4
 Fulminant Prism          Conj/Hex       0%         3d5       99%         4
 Iskenderun's Mystic Bla  Conj/Tloc      0%         2d3       99%         4
 Sticky Flame             Conj/Fire      0%         2d3       99%         4
 Arcjolt                  Conj/Air       0%         1d10      100%        5
 Blade Hands              Tmut           0%         N/A       100%        5
 Borgnjor's Vile Clutch   Necr/Erth      0%         N/A       100%        5
 Freezing Cloud           Conj/Ice/Air   0%         6-21      100%        5
 Lee's Rapid Deconstruct  Erth           0%         3d4*      100%        5
 Lightning Bolt           Conj/Air       0%         1d11      100%        5
 Metabolic Englaciation   Hex/Ice        0%         N/A       100%        5
 Summon Forest            Summ/Tloc      0%         N/A       100%        5
 Summon Mana Viper        Hex/Summ       0%         N/A       100%        5
 Death Channel            Necr           0%         N/A       100%        6
 Dispersal                Tloc           0%         N/A       100%        6
 Summon Cactus Giant      Summ           0%         N/A       100%        6
 Summon Hydra             Summ           0%         N/A       100%        7
 Lehudib's Crystal Spear  Conj/Erth      0%         10d2      100%        8
 Animate Dead             Necr           Unusable   N/A       N/A         4
 Simulacrum               Ice/Necr       Unusable   N/A       N/A         6

Dungeon Overview and Level Annotations

Branches:
Dungeon (15/15)            Temple (1/1) D:5            Lair (5/5) D:9
  Swamp (4/4) Lair:3       Spider (4/4) Lair:2        Slime (0/5) Lair:5
    Orc (2/2) D:11            Elf (0/3) Orc:2        Vaults (1/5) D:14
 Depths (0/4) D:15        Gauntlet (visited)

Altars:
Ashenzari
Dithmenos
Elyvilon
Fedhas
Gozag
Kikubaaqudgha
Makhleb
Nemelex Xobeh
Okawaru
Ru
Trog
Uskayaw
Wu Jian
Xom
Yredelemnul
Zin
The Shining One
Jiyva

Shops:
D:6 =   D:7 [!**   D:14 (   D:15 *   Orc:2 [**[   Lair:1 [(*[(

Portals:
Abyss: D:8

Annotations:
D:8 exclusion: 3 oklob plants
D:14 3 runed translucent doors, Lozykabu's ghost, journeyman VSTm
Vaults:1 Asterion


Innate Abilities, Weirdness & Mutations

You are a tree.
Your roots penetrate the ground, keeping you stationary.
You cannot be teleported.
You are immune to unholy pain and torment.
Your maximum health is greatly increased.
Your equipment is partially melded.
((You have a pair of horns on your head.))
((You reflexively headbutt those who attack you in melee.))
You are clumsy. (Dex -2)
Your body sometimes deteriorates upon taking damage.
You are dopey. (Int -2)


Message History

Asterion gores you but does no damage.
The vault warden activates a sealing rune.
The Executioner hits you but does no damage.
The Executioner hits you.
* * * LOW HITPOINT WARNING * * *
The Executioner hits you but does no damage.
Unknown command. [a] - 864 gold - lignification, might, resistance, haste and heal wounds [b] - 324 gold - invisibility and might [c] - 483 gold - curing, magic, invisibility and might Purchase which effect?
You no longer have enough gold to bribe branches to halt enemies' attacks and recruit allies.
You extend your transformation's duration.
You feel mightier all of a sudden.
You feel protected.
You feel yourself speed up.
You feel much better.
* * * LOW HITPOINT WARNING * * *
You feel extremely sick.
The Executioner hits you but does no damage. x3
You block Asterion's attack. Asterion gores you but does no damage.
The vault warden hits you with a +0 battleaxe of flaming!
* * * LOW HITPOINT WARNING * * *
The vault warden burns you.
* * * LOW HITPOINT WARNING * * *
The Executioner hits you but does no damage. x3
Asterion hits you with a +1 broad axe of venom!
* * * LOW HITPOINT WARNING * * *
You are more poisoned.
You block Asterion's attack.
Unknown command.
You feel much better.
* * * LOW HITPOINT WARNING * * *
You feel extremely sick.
The Executioner hits you but does no damage. x3
Asterion hits you with a +1 broad axe of venom!!
* * * LOW HITPOINT WARNING * * *
You are more poisoned.
Asterion gores you but does no damage.
The vault warden hits you with a +0 battleaxe of flaming!
You die...
Your body crumbles into a pile of gold.

..>......# ........#
.......#############
#......#......#....#
#....$.#.####.####.#
#......#.# #....#.#
#..Hp..#.#######.#.#
#.1♣...#.#.....#.#.#
#......#.#.#...#[#.#
#......#.#.#...))#.#
#......#.#.#######.#
#..$...#.#....# #)#
#..)...#.####.####.#
#......#....#......#
..########......####'########
..........$..................


You could see Asterion (fast), a vault warden and an Executioner (summoned).

Vanquished Creatures
  Mara (Spider:4)
  2 tentacled monstrosities (Swamp:4)
  Arachne (Spider:3)
  Rupert (D:14)
  Kirke (Swamp:4)
  A thorn hunter (Swamp:2)
  Agnes (D:15)
  3 fenstrider witches (Swamp:4)
  3 emperor scorpions
  A vault warden (Vaults:1)
  Louise (D:14)
  2 ghost moths
  16 slime creatures
  2 ironbound thunderhulks (Vaults:1)
  4 ironbound preservers (Vaults:1)
  6 broodmothers
  6 eleionomae
  A minotaur (Gauntlet)
  2 spark wasps (Spider:2)
  3 bunyips
  4 entropy weavers
  2 green deaths (Swamp:4)
  2 fire dragons (D:15)
  Harold (D:9)
  The ghost of Dega the Marksspriggan, a journeyman SpHu of Dithmenos (Lair:3)
  A shambling mangrove (Swamp:4)
  A great orb of eyes (Vaults:1)
  4 vault guards
  Erolcha (D:10)
  3 centaur warriors
  A ghost crab (Swamp:2)
  2 ironbound frosthearts (Vaults:1)
  A spriggan air mage (Swamp:4)
  A catoblepas (Lair:5)
  Erica (Orc:1)
  10 hydras
  6 jorogumos
  4 ogre magi
  4 radroaches (Spider:3)
  15 alligators
  11 two-headed ogres
  9 boulder beetles
  7 death yaks
  5 orc high priests (Orc:2)
  A dancing weapon (Lair:3)
  2 soul eaters
  7 hell knights (D:11)
  Amaemon (Lair:1)
  A fire crab (D:14)
  The ghost of heathens the Cleaver, a novice MiBe of Trog (D:6)
  5 pharaoh ants
  A sixfirhy (Abyss:2)
  5 sun moths
  3 death drakes
  5 goliath frogs
  2 glowing orange brains (shapeshifter)
  13 deep trolls (Vaults:1)
  4 swamp dragons
  8 spriggan druids
  9 orb spiders
  2 ironbound convokers (Vaults:1)
  5 bog bodies
  4 deep elf pyromancers
  7 steelbarb worms
  8 wizards
  5 orc knights (Orc:2)
  3 cyclopes
  An orc sorcerer (Orc:2)
  6 necromancers
  18 wolf spiders
  The ghost of Dega the Skirmisher, a novice SpHu of Dithmenos (D:8)
  3 ugly things (Vaults:1)
  An oklob plant (D:8)
  4 will-o-the-wisps
  A worldbinder (Abyss:2)
  10 elephants
  4 black mambas
  2 orange demons
  2 manticores
  9 torpor snails
  3 demonic crawlers
  5 moths of wrath
  A gargoyle (D:11)
  18 cane toads
  2 kobold demonologists
  5 rime drakes
  A freezing wraith (D:15)
  2 unseen horrors
  15 komodo dragons
  A harpy zombie (Abyss:2)
  2 ancient zymes
  3 meliai (Spider:4)
  6 yaktaurs (Vaults:1)
  3 trolls
  2 bloated husks
  9 hornets
  Prince Ribbit (D:6)
  2 polar bears
  10 tyrant leeches
  25 tarantellas
  A harpy skeleton (Abyss:3)
  4 dream sheep (Lair:4)
  30 blink frogs
  40 jumping spiders
  6 wyverns
  Sigmund (D:6)
  A shadow (D:11)
  30 culicivoras
  58 yaks
  A fire bat (D:13)
  4 large abominations (Abyss:2)
  12 spriggans
  17 humans (D:14)
  6 starcursed masses (Abyss:2)
  5 wraiths
  A hog (shapeshifter) (D:15)
  4 neqoxecs
  6 basilisks
  5 hogs (Swamp:4)
  12 vampire mosquitoes
  54 redbacks
  A steam dragon (D:8)
  3 wargs
  17 swamp worms
  A chaos spawn (Swamp:4)
  2 acid dragons
  18 water moccasins
  A floating eye (D:8)
  7 hell hounds (D:11)
  A sky beast (D:8)
  2 swamp drakes
  5 small abominations
  32 orc warriors
  2 ice beasts
  2 black bears
  8 ogres
  33 wolves
  16 centaurs
  2 phantoms
  8 kobold brigands
  A necrophage (D:6)
  15 bullfrogs
  3 gnoll sergeants
  4 scorpions
  2 troll zombies (D:11)
  3 wights (D:9)
  5 howler monkeys
  2 electric eels (Lair:5)
  A crimson imp (Orc:2)
  2 bullfrog zombies (D:6)
  A quasit (D:8)
  5 hounds
  11 jellies
  22 orc priests
  An iron imp (Orc:2)
  Terence (D:3)
  6 iguanas
  23 orc wizards
  6 ogre zombies (D:11)
  6 adders
  22 gnolls
  6 shadow imps
  2 white imps
  An ufetubus (Abyss:2)
  A dart slug (D:2)
  77 orcs
  24 endoplasms
  5 giant cockroaches
  11 goblins
  3 hobgoblins
  4 jackals (D:1)
  39 kobolds
  3 quokkas
  10 ball pythons
  9 bats
  4 frilled lizards
  A goblin zombie (D:11)
  2 hobgoblin skeletons (D:11)
  6 hobgoblin zombies (D:11)
  3 orc skeletons (D:11)
  12 orc zombies (D:11)
  7 rats
  6 briar patches (Swamp:2)
1272 creatures vanquished.

Vanquished Creatures (others)
  A goliath frog (Swamp:4)
  A human (Swamp:4)
  A goblin zombie (D:11)
  14 foxfires
  39 fungi
  129 plants
  4 withered plants (Gauntlet)
189 creatures vanquished.

Grand Total: 1461 creatures vanquished

Notes
Turn   | Place    | Note
-------+----------+-------------------------------------------
     0 | D:1      | Illumine the Minotaur Fighter began the quest for the Orb.
     0 | D:1      | Reached XP level 1. HP: 19/19 MP: 0/0
   186 | D:1      | Reached XP level 2. HP: 23/27 MP: 1/1
   473 | D:1      | Reached XP level 3. HP: 33/33 MP: 2/2
  1130 | D:2      | Found a faded altar of an unknown god.
  1468 | D:2      | Reached XP level 4. HP: 28/41 MP: 3/3
  1618 | D:2      | Identified the +7 dagger "Minotaur's Regret" {antimagic,
                  | Contam Will+ Str+4}
  1797 | D:3      | Noticed an ogre
  1803 | D:3      | Killed an ogre
  1804 | D:3      | Reached skill level 5 in Fighting
  1804 | D:3      | Reached skill level 5 in Axes
  1804 | D:3      | Reached XP level 5. HP: 48/48 MP: 4/4
  2040 | D:3      | Identified the +7 scale mail "Veskicua" {Rampage +Blink
                  | rCorr Str+3 Dex-4}
  2087 | D:3      | Reached XP level 6. HP: 48/56 MP: 5/5
  2222 | D:3      | Found a broken altar of Ashenzari.
  2359 | D:3      | Noticed Terence
  2368 | D:3      | Killed Terence
  2712 | D:4      | Found an ornate altar of the Wu Jian Council.
  2854 | D:4      | Reached XP level 7. HP: 60/63 MP: 6/6
  2992 | D:4      | Reached skill level 5 in Armour
  3380 | D:5      | Entered Level 5 of the Dungeon
  3486 | D:5      | Found a staircase to the Ecumenical Temple.
  3541 | Temple   | Entered the Ecumenical Temple
  3546 | Temple   | Became a worshipper of Gozag Ym Sagoz the Greedy
  3585 | D:5      | Found a hide-covered altar of Uskayaw.
  3646 | D:5      | Reached XP level 8. HP: 48/71 MP: 7/7
  4342 | D:6      | Noticed Sigmund
  4348 | D:6      | Killed Sigmund
  4531 | D:6      | Identified the +8 whip of Ohopt {heavy, rCorr}
  4581 | D:6      | Reached skill level 10 in Axes
  4890 | D:6      | Found a runed translucent gate.
  4891 | D:6      | Found a runed translucent gate.
  4891 | D:6      | Noticed heathens's ghost (novice MiBe)
  4892 | D:6      | Found a runed translucent gate.
  4894 | D:6      | Found a basalt altar of Yredelemnul.
  4899 | D:6      | Reached XP level 9. HP: 81/81 MP: 8/8
  4956 | D:6      | Noticed Prince Ribbit
  4976 | D:6      | Killed Prince Ribbit
  5069 | D:6      | Found Xiphad's Jewellery Shop.
  5221 | D:6      | Bought an amulet of reflection for 390 gold pieces
  5291 | D:7      | Found Lynlut's Distillery.
  5444 | D:7      | Found Soch's General Store.
  5566 | D:7      | Found Fech's Assorted Antiques.
  5726 | D:7      | Found an iron altar of Okawaru.
  5726 | D:7      | Found a burning altar of Makhleb.
  5959 | D:7      | Found Diowijacw's Antique Armour Boutique.
  5973 | D:7      | Bought a runed cloak for 195 gold pieces
  6100 | D:8      | Found a transporter.
  6118 | D:7      | Reached skill level 10 in Fighting
  6122 | D:7      | Reached XP level 10. HP: 61/93 MP: 9/9
  6242 | D:8      | Found a white marble altar of Elyvilon.
  6260 | D:8      | Noticed a manticore
  6280 | D:8      | Killed a manticore
  6553 | D:8      | Found a transporter.
  6620 | D:8      | Noticed an oklob plant
  6704 | D:8      | Killed an oklob plant
  6705 | D:8      | Reached skill level 10 in Armour
  6842 | D:8      | Found a one-way gate to the infinite horrors of the Abyss.
  6842 | D:8      | Noticed Dega's ghost (novice SpHu)
  6978 | D:8      | Found a bloodstained altar of Trog.
  7014 | D:8      | Found an ancient bone altar of Kikubaaqudgha.
  7122 | D:8      | Noticed an oklob plant
  7123 | D:8      | Noticed an oklob plant
  7123 | D:8      | Noticed an oklob plant
  7833 | D:9      | Noticed Harold
  7844 | D:9      | Killed Harold
  7934 | D:9      | Found a staircase to the Lair.
  8406 | D:9      | Reached XP level 11. HP: 67/104 MP: 10/10
  8591 | D:9      | Noticed a glowing orange brain
  8603 | D:9      | Killed a glowing orange brain
  8721 | D:10     | Entered Level 10 of the Dungeon
  8721 | D:10     | Found a sparkling altar of Nemelex Xobeh.
  8797 | Lair:1   | Entered Level 1 of the Lair of Beasts
  8801 | Lair:1   | Bought a potion of heal wounds for 90 gold pieces
  9679 | Lair:1   | Noticed Amaemon
  9691 | Lair:1   | Killed Amaemon
 10459 | Lair:2   | Reached XP level 12. HP: 86/115 MP: 11/11
 10615 | Lair:2   | Reached skill level 15 in Axes
 11086 | Lair:2   | Noticed an eight-headed hydra
 11093 | Lair:2   | Killed a four-headed hydra
 11328 | Lair:2   | Found a hole to the Spider Nest.
 11970 | Lair:3   | Noticed a four-headed hydra
 11992 | Lair:3   | Killed a one-headed hydra
 12067 | Lair:3   | Noticed a five-headed hydra
 12069 | Lair:3   | Found a staircase to the Swamp.
 12071 | Lair:3   | Killed a three-headed hydra
 12072 | Lair:3   | Reached skill level 15 in Fighting
 12118 | Lair:3   | Reached XP level 13. HP: 118/127 MP: 12/12
 12347 | Lair:3   | Found an ancient bone altar of Kikubaaqudgha.
 12460 | Lair:3   | Reached skill level 15 in Armour
 12682 | Lair:3   | Found a runed translucent door.
 12684 | Lair:3   | Found a shimmering altar of Xom.
 12684 | Lair:3   | Noticed Dega's ghost (journeyman SpHu)
 13886 | Lair:5   | Entered Level 5 of the Lair of Beasts
 14590 | Lair:5   | Reached skill level 1 in Evocations
 14590 | Lair:5   | HP: 2/130 [tyrant leech (18)]
 14861 | Lair:5   | Reached XP level 14. HP: 134/138 MP: 13/13
 15274 | Lair:5   | Identified the +8 short sword "Wujushoniu" {venom, *Corrode
                  | Fly Dex+5}
 15553 | Lair:5   | Found a viscous altar of Jiyva.
 15553 | Lair:5   | Found a staircase to the Slime Pits.
 15972 | Lair:1   | Bought a faintly glowing halberd for 288 gold pieces
 15972 | Lair:1   | Identified the +7 halberd of Sothrir {elec, rC+} (You
                  | bought it in a shop on level 1 of the Lair of Beasts)
 16057 | D:10     | Reached skill level 1 in Polearms
 16250 | D:10     | Noticed Erolcha
 16256 | D:10     | Killed Erolcha
 17158 | D:11     | Found a staircase to the Orcish Mines.
 17303 | Orc:1    | Entered Level 1 of the Orcish Mines
 17662 | Orc:1    | Noticed Erica
 17669 | Orc:1    | Killed Erica
 17911 | Orc:2    | Entered Level 2 of the Orcish Mines
 17934 | Orc:2    | Found a staircase to the Elven Halls.
 18779 | Orc:2    | Reached skill level 1 in Dodging
 18823 | Orc:2    | Reached skill level 5 in Polearms
 18827 | Orc:2    | Reached skill level 5 in Evocations
 19001 | Orc:2    | Found Befa's Antique Armour Emporium.
 19001 | Orc:2    | Found Lutaych's Assorted Antiques.
 19006 | Orc:2    | Found Zudeloeff's Antique Armour Emporium.
 19006 | Orc:2    | Found Nashran's General Store.
 19014 | Orc:2    | Bought a vibrating bone amulet for 105 gold pieces
 19014 | Orc:2    | Identified the amulet "Qoloixal" {Acrobat Slay+6 Stlth+}
                  | (You bought it in a shop on level 2 of the Orcish Mines)
 19019 | Orc:2    | Bought a pair of embroidered boots for 187 gold pieces
 19405 | Orc:2    | Identified the +3 hat of Eref {Slay+2}
 19407 | Orc:2    | Identified the +1 hat "Niapity" {Will+}
 19407 | Orc:2    | Identified the +1 robe of the Shining Light {rC- Str+3
                  | Slay+2}
 19962 | D:11     | Reached XP level 15. HP: 95/149 MP: 14/14
 20849 | D:12     | Identified the +4 scale mail of Okawaru's Benevolence {Harm
                  | rF+ rCorr}
 21160 | D:12     | You fall into a shaft and drop 3 floors!
 21160 | D:15     | Entered Level 15 of the Dungeon
 21166 | D:14     | Noticed Lozykabu's ghost (journeyman VSTm)
 21178 | D:14     | Found a gate leading to a gauntlet.
 21187 | Gauntlet | Entered a Gauntlet
 21187 | Gauntlet | Found a transporter.
 21187 | Gauntlet | Found a transporter.
 21187 | Gauntlet | Found a transporter.
 21198 | Gauntlet | Found a transporter.
 21200 | Gauntlet | Found a transporter.
 21211 | Gauntlet | Found a transporter.
 21213 | Gauntlet | Found a transporter.
 21223 | Gauntlet | Found a transporter.
 21243 | Gauntlet | Found a transporter.
 21268 | Gauntlet | Found a transporter.
 21271 | Gauntlet | Found a transporter.
 21281 | Gauntlet | Found a transporter.
 21545 | Gauntlet | Identified the +2 hat of the Devil's Team {+Blink rElec
                  | rPois}
 21630 | Gauntlet | Identified the +1 ring mail of Absence {SInv}
 21630 | Gauntlet | Identified the +0 robe of Lethargy {rC+ Int+3}
 21630 | Gauntlet | Identified the +1 plate armour "Reqonash" {Stlth+}
 21675 | D:14     | Identified the +1 leather armour of the Ageless Seers
                  | {Dex+6 Slay-4}
 21724 | D:14     | Found a runed translucent gate.
 21724 | D:14     | Found a runed translucent gate.
 21724 | D:14     | Found a runed translucent gate.
 22064 | D:14     | Noticed Louise
 22081 | D:14     | Killed Louise
 22201 | D:14     | Identified the +3 chain mail of Altruism {Stlth+}
 22228 | D:14     | Found Qufukh's Antique Weapon Emporium.
 22540 | D:14     | Noticed Rupert
 22544 | D:14     | Paralysed by Rupert for 3 turns
 22553 | D:14     | Killed Rupert
 22554 | D:14     | Reached skill level 5 in Dodging
 22740 | D:14     | Found a gate to the Vaults.
 22745 | Abyss:2  | Cast into level 2 of the Abyss (a wizard)
 22883 | Abyss:2  | Gained mutation: Your body sometimes deteriorates upon
                  | taking damage. [a neqoxec]
 22908 | D:14     | Escaped the Abyss
 23150 | D:15     | Found Casamig's General Store.
 23155 | D:15     | Bought a scroll of identify for 32 gold pieces
 23182 | D:15     | Identified the +4 long sword "Retodass" {freeze, Will+
                  | Stlth+}
 23465 | D:15     | Noticed Agnes
 23477 | D:15     | Killed Agnes
 23878 | D:15     | Found a staircase to the Depths.
 24142 | D:15     | Reached XP level 16. HP: 141/159 MP: 15/15
 24714 | D:13     | Noticed Sonja
 25284 | Swamp:1  | Entered Level 1 of the Swamp
 25571 | Lair:3   | Reached skill level 1 in Maces & Flails
 27687 | Swamp:2  | Noticed a thorn hunter
 27702 | Swamp:2  | Killed a thorn hunter
 27904 | Swamp:3  | Reached skill level 10 in Polearms
 28252 | Swamp:3  | Identified the +8 long sword of Equivalence {elec, rPois
                  | rF+ Stlth+}
 28325 | Swamp:3  | Found a sacrificial altar of Ru.
 28854 | Swamp:4  | Entered Level 4 of the Swamp
 29468 | Swamp:4  | Noticed a tentacled monstrosity
 29476 | Swamp:4  | Killed a tentacled monstrosity
 29477 | Swamp:4  | Noticed a tentacled monstrosity
 29493 | Swamp:4  | Killed a tentacled monstrosity
 29776 | Swamp:4  | Gained mutation: You are dopey. (Int -2) [a neqoxec]
 29789 | Swamp:4  | Reached XP level 17. HP: 152/170 MP: 16/16
 30000 | Swamp:4  | Noticed Kirke
 30007 | Swamp:4  | Killed Kirke
 30356 | Abyss:3  | Cast into level 3 of the Abyss (a wizard)
 30379 | Swamp:4  | Escaped the Abyss
 30449 | Swamp:4  | Got a decaying rune of Zot
 30731 | Spider:1 | Entered Level 1 of the Spider Nest
 31654 | Lair:1   | Bought a pair of embroidered boots for 142 gold pieces
 32212 | Spider:2 | Identified the +1 spear of Nuaf {flame, rElec Dex+5}
 32527 | Spider:2 | Identified the ring "Reewnot" {+Blink rN+ AC+4 Int+3}
 33262 | Spider:2 | Reached skill level 10 in Evocations
 34533 | Spider:3 | Identified the +8 whip "Fudijeell" {flame, Drain rPois
                  | rCorr Str+2}
 34574 | Spider:3 | HP: 8/172 [disintegration (17)]
 34927 | Spider:3 | Reached XP level 18. HP: 160/180 MP: 0/17
 34929 | Spider:3 | Noticed Arachne
 34939 | Spider:3 | Killed Arachne
 35328 | Spider:3 | Reached skill level 10 in Dodging
 35442 | Spider:3 | Gained mutation: You are clumsy. (Dex -2) [mutagenic glow]
 35631 | Spider:4 | Entered Level 4 of the Spider Nest
 35810 | Spider:4 | Noticed Mara
 35816 | Spider:4 | Noticed Illumine's illusion
 35837 | Spider:4 | Killed Mara
 36803 | Spider:4 | Got a gossamer rune of Zot
 37229 | Lair:1   | Bought a smoking halberd for 216 gold pieces
 37229 | Lair:1   | Identified the +6 halberd of Peril {flame, rPois rF- Will++
                  | rCorr} (You bought it in a shop on level 1 of the Lair of
                  | Beasts)
 37229 | Lair:1   | Bought a twisted spear for 192 gold pieces
 37229 | Lair:1   | Identified the +0 spear "Worm" {flame, rPois rC- Str+4
                  | Dex+2} (You bought it in a shop on level 1 of the Lair of
                  | Beasts)
 37447 | Lair:3   | Paralysed by a +2 glaive of chaos for 2 turns
 37460 | Lair:3   | Killed Dega's ghost
 37688 | D:6      | Killed heathens's ghost
 37825 | D:8      | Killed Dega's ghost
 38068 | D:13     | Sonja changed into Sonja the fire bat
 38068 | D:13     | Noticed Sonja
 38070 | D:13     | Killed Sonja the fire bat
 38468 | D:13     | Identified the +3 sling of Classification {heavy, Int+5}
 38721 | Vaults:1 | Entered Level 1 of the Vaults
 39532 | Vaults:1 | Reached skill level 1 in Throwing
 39944 | Vaults:1 | Reached skill level 1 in Ranged Weapons
 39951 | Vaults:1 | Noticed Asterion
 39962 | Vaults:1 | HP: 11/274 [Executioner[Asterion] (4)]
 39963 | Vaults:1 | HP: 2/274 [Asterion/+1 broad axe of venom (16)]
 39964 | Vaults:1 | Mangled by a vault warden

Illustrated notes

Levels and vault maps discovered:
D:1:      dpeg_arrival_castle, layout_loops_ring
D:2:      layout_loops_corners, chequers_ecumenical_altar_simple
D:3:      layout_basic, ashenzari_conservatory_becter, uniq_terence
D:4:      layout_loops_ring, nzn_wu_jian_contemplation, serial_bayou,
          serial_bayou_pond_d, serial_bayou_shore_b, serial_bayou_shore_b,
          serial_bayou_pond_c
D:5:      layout_loops_ring, nicolae_uskayaw_murder_on_the_dancefloor,
          minmay_temple_entry_enclosed_plants
D:6:      layout_basic, nicolae_yredelemnul_ghost_church, serial_shops,
          shop_statue, uniq_prince_ribbit1, uniq_sigmund
D:7:      layout_rooms, jmf_multi_god_temple, serial_shops,
          nicolae_lakefront_shop, nicolae_stop_n_shop_2, shop_fountains,
          shop_statue, hangedman_glass_teeth
D:8:      lemuel_slime, layout_basic, mainiacjoe_overflow_swirl,
          nicolae_elyvilon_peaceful_grove, gammafunk_ghost_abyssal_escape,
          palyth_stone_intersect, minmay_holes, disabler_island
D:9:      kennysheep_windowed_halls, layout_basic, uniq_harold
D:10:     layout_loops_corners, mainiacjoe_overflow_boulevard, enter_bailey_3,
          uniq_erolcha
D:11:     layout_cave_pools, zombieorc2_lemuel, serial_column_ruins,
          column_ruins_circle_small, column_ruins_hut_pillars,
          column_ruins_grid_3, column_ruins_grid_1, column_ruins_open_small,
          column_ruins_open_tiny, minmay_rotating_lava
D:12:     layout_loops_ring
D:13:     layout_basic, uniq_sonja
D:14:     layout_basic, grunt_vaults_entry_tiered,
          chequers_serial_rivers_large_b, gauntlet_entry_generic, serial_shops,
          nicolae_shop_advertising_works [nicolae_subvault_shop_adworks],
          maelrawn_ghost_gauntlet_escape, kennysheep_nub, uniq_rupert,
          uniq_louise
D:15:     grunt_enter_depths_hoard, layout_gridville, serial_park_gazebo
          [serial_park_minivault_5x5_5], serial_shops, nicolae_shop_statue_plus,
          hangedman_decor_slide_cut, uniq_agnes
Temple:   nicolae_temple_ecumenical_triangle
Lair:1:   layout_layer_cave, grunt_megastairs_1, uniq_amaemon
Lair:2:   layout_cave_pods, nicolae_spider_entry_orb_guardian, st_stairs_13,
          chequers_serial_rivers_micro_a
Lair:3:   layout_misc_corridors, minmay_swamp_entry_reptiles, basic_altar,
          ebering_ghost_xom, serial_bayou_shore_a, infiniplex_staircase_pool
Lair:4:   layout_regular_city, infiniplex_staircase_pool_2
Lair:5:   minmay_lair_end_frog_pond, layout_regular_city,
          dpeg_slime_entry_enclosed
Swamp:1:  layout_basic_swamp, evilmike_swamp_ruin_house_5
Swamp:2:  layout_basic_swamp, nicolae_swamp_very_dense_foliage
Swamp:3:  layout_basic_swamp, lemuel_altar_in_water, swamp_pool1,
          grunt_witch_cave
Swamp:4:  nzn_swamp_witches_coven, layout_basic_swamp, uniq_kirke
Spider:1: layout_spider_delve, hangedman_spider_tarantella_strand
Spider:2: layout_chambers, nicolae_spider_webs_and_nodes, drop_trap,
          nicolae_spider_world_wide_web
Spider:3: layout_spider_delve, nicolae_spider_circle_web,
          nicolae_spider_solar_radiation, uniq_arachne
Spider:4: hellmonk_spider_rune_endless_swarm, uniq_mara
Orc:1:    layout_diamond_mine, rock_pile, uniq_erica
Orc:2:    st_orc_pillars, layout_diamond_mine, hangedman_minor_magic
Vaults:1: ontoclasm_vaults_spin, vaults_mumra_hexcomb, v_misc_1,
          nicolae_vaults_little_squares_4, nicolae_vaults_big_angled_halls,
          grunt_vaults_hallway_short, vaults_mumra_lcd,
          grunt_vaults_hallway_long, layout_vaults_quadrants, serial_shops,
          shop_fountains, uniq_asterion

Skill      XL: |  1  2  3  4  5  6  7  8  9 10 11 12 13 14 15 16 17 18 |
---------------+-------------------------------------------------------+-----
Axes           | 3 4 5 6 7 8 10 11 13 14 16 17 18 | 18.0
Fighting       | 4 5 6 8 10 11 13 15 16 17 18 19 20 21 | 21.6
Shields        | 4 |  4.0
Armour         | 4 5 7 9 11 13 14 16 17 18 19 20 21 | 21.4
Evocations     | 1 5 7 9 10 11 | 11.6
Polearms       | 5 8 10 12 14 | 14.2
Dodging        | 2 5 7 9 10 | 10.0
Maces & Flails | 1 |  1.0
Throwing       | 1 |  1.4
Ranged Weapons | 1 |  1.0

Action                     |  1- 3 |  4- 6 |  7- 9 | 10-12 | 13-15 | 16-18 || total
---------------------------+-------+-------+-------+-------+-------+-------++-------
  Melee: War axe           |    93 |    93 |   284 |   282 |       |       ||   752
         Headbutt          |    11 |     5 |    50 |   114 |   258 |   311 ||   749
         Broad axe         |       |       |       |   232 |   834 |  1241 ||  2307
         Halberd           |       |       |       |       |   249 |   180 ||   429
         Punch             |       |       |       |       |     8 |    17 ||    25
  Throw: Throwing net      |       |       |       |       |     2 |       ||     2
         Javelin           |       |       |       |       |       |     1 ||     1
 Invoke: Call Merchant     |       |       |       |     1 |     1 |     3 ||     5
         Potion Petition   |       |       |       |       |     1 |     7 ||     8
  Evoke: Lightning rod     |       |       |       |       |     1 |       ||     1
         Box of beasts     |       |       |       |       |       |     1 ||     1
         Wand              |       |       |       |       |       |     1 ||     1
    Use: Potion            |       |       |     1 |     1 |     6 |     5 ||    13
         Scroll            |       |       |     9 |     8 |    14 |     8 ||    39
   Stab: Distracted        |       |       |     3 |     2 |     7 |     8 ||    20
         Held in net/web   |       |       |       |     1 |       |       ||     1
 Armour: Scale mail        |    48 |    43 |   133 |   204 |   388 |   956 ||  1772
         Skin              |       |       |       |       |       |    24 ||    24
  Dodge: Dodged            |    52 |    45 |    87 |   148 |   322 |   682 ||  1336
  Block: Buckler           |    31 |    16 |    67 |   213 |   103 |       ||   430
         Reflection        |       |       |     1 |     4 |    10 |     3 ||    18
         Other             |       |       |       |       |    99 |   265 ||   364

Table legend: (Time is in decaauts)
 A = Elapsed time spent in this place.
 B = Non-inter-level travel time spent in this place.
 C = Inter-level travel time spent in this place.
 D = Time resting spent in this place.
 E = Time spent auto-exploring this place.
 F = Levels seen in this place.
 G = Mean time per level.
                   A        B        C        D        E       F      G
               +--------+--------+--------+--------+--------+-----+--------+
         Total |  39749 |  37043 |   2706 |   7683 |  21436 |  35 | 1135.7 |
       Dungeon |  16326 |  15022 |   1304 |   1549 |  10560 |  15 | 1088.4 |
        Temple |     10 |      6 |      4 |      0 |      0 |   1 |   10.0 |
          Lair |   8781 |   7926 |    855 |   1519 |   5054 |   5 | 1756.2 |
         Swamp |   4285 |   4110 |    175 |   1302 |   1805 |   4 | 1071.2 |
   Spider Nest |   6149 |   5880 |    269 |   2124 |   2477 |   4 | 1537.2 |
  Orcish Mines |   2389 |   2293 |     96 |    403 |   1294 |   2 | 1194.5 |
        Vaults |   1195 |   1195 |      0 |    785 |    203 |   1 | 1195.0 |
         Abyss |    171 |    171 |      0 |      0 |      0 |   2 |   85.5 |
      Gauntlet |    440 |    440 |      0 |      0 |     43 |   1 |  440.0 |
               +--------+--------+--------+--------+--------+-----+--------+

Top non-repeatable levels by time:
  Lair:3: 2283 daAuts
Spider:2: 2161 daAuts
  Lair:2: 1905 daAuts
 Swamp:4: 1817 daAuts
     D:8: 1791 daAuts
   Orc:2: 1752 daAuts
  Lair:5: 1713 daAuts
  Lair:1: 1704 daAuts
    D:14: 1481 daAuts
     D:6: 1391 daAuts
    D:15: 1356 daAuts
Spider:3: 1351 daAuts
Spider:1: 1334 daAuts
     D:9: 1321 daAuts
Spider:4: 1302 daAuts
